 Dungeon Crawl Stone Soup version 0.29.0-15-g675c0067aa (webtiles) character file.

Game seed: 11845651586895659680

83 qw the Chopper (level 4, -6/28 HPs)
             Began as a Gargoyle Fighter on Sept 11, 2022.
             Mangled by a gnoll
             ... wielding a +0 halberd
             ... led by a gnoll bouda
              (12 damage)
             ... on level 3 of the Dungeon.
             The game lasted 00:00:47 (2056 turns).

qw the Chopper (Gargoyle Fighter)                   Turns: 2056, Time: 00:00:48

Health: -6/28      AC: 10    Str: 21    XL:     4   Next: 44%
Magic:  4/4        EV:  9    Int:  9    God:
Gold:   96         SH:  4    Dex:  9    Spells: 3/3 levels left

rFire   . . .      SeeInvis .   Y - +0 war axe
rCold   . . .      Faith    .   c - +0 buckler
rNeg    + . .      Spirit   .   b - +0 scale mail
rPois   inf        Reflect  .   (no helmet)
rElec   +          Harm     .   (no cloak)
rCorr   .          Rampage  .   (no gloves)
Will    .....                   (no boots)
Stlth   ..........              (no amulet)
HPRegen 0.09/turn               (no ring)
MPRegen 0.09/turn               (no ring)

@: weakened
A: sickness immunity, AC +3, negative energy resistance 1, electricity
resistance, torment resistance 1, petrification resistance
a: no special abilities


You were on level 3 of the Dungeon.
You visited 1 branch of the dungeon, and saw 3 of its levels.

You collected 96 gold pieces.


Innate Abilities, Weirdness & Mutations

You are immune to sickness and miasma.
Your stone body is resilient. (AC +3)
You are immune to poison.
You resist negative energy. (rN+)
You are resistant to electric shocks. (rElec)
You are resistant to unholy torment.
You are immune to petrification.


   Skills:
 - Level 3.2 Fighting
 + Level 4.1 Axes
 - Level 3.2 Armour
 - Level 3.2 Shields


You had 3 spell levels left.
You didn't know any spells.
Your spell library was empty.

Inventory:

Hand Weapons
 l - a +1 whip of draining
 Y - a +0 war axe (weapon)
Armour
 b - a +0 scale mail (worn)
 c - a +0 buckler (worn)
Scrolls
 a - a scroll of identify
Potions
 d - a potion of might
 e - a potion of haste
 h - 2 potions of curing
 j - a potion of attraction
 k - a potion of mutation
 n - a potion of cancellation

Dungeon Overview and Level Annotations

Branches:
Dungeon (3/15)

Altars:


Message History

You slash the gnoll!
You kill the gnoll!
Your surroundings suddenly seem different.
A gnoll comes into view. It is wielding a +0 club.
The gnoll shouts!
You block the bat's attack.
A gnoll bouda comes into view. It is wielding a +0 club.
Enter note: You barely miss the bat.
The gnoll bouda shouts!
The bat barely misses you. You block the bat's attack.
The bat hits you but does no damage.
The gnoll bouda barks out a call to the hunt!
The gnoll picks up the pace!
You miss the bat. The bat closely misses you.
The gnoll bouda gazes fiercely through you!
You feel your attacks grow feeble. The gnoll hits you but does no damage.
You hit the gnoll.
The gnoll is lightly wounded.
You closely miss the bat. The bat closely misses you.
The bat hits you but does no damage.
The gnoll bouda gazes fiercely through you!
You feel as though you will be weak longer.
The gnoll closely misses you.
The gnoll bouda barks out a call to the hunt!
The gnoll picks up the pace!
You slash the gnoll!
The gnoll is severely wounded.
The bat barely misses you. The gnoll barely misses you.
You barely miss the gnoll.
The gnoll is severely wounded.
You hit the bat.
You kill the bat!
You block the gnoll's attack. The gnoll closely misses you.
You slash the gnoll!
You kill the gnoll!
The gnoll hits you from afar with a +0 halberd!
You die...

....... #...
.............##...
#..#...(..........
#........$....#...
#.... ........#..[
.... ...gK.g....#
#..# ..$..##)###.
#.%# .g.. #.# ##
#@.##...# #.#
#g)g..... #.#
#.......... #.#
#..#....... #.#
#.. .##...# #.#
#.. .# ...# #.#
#.. .# .## #.# ...
.. # ##.. .#


You could see a gnoll bouda and a gnoll (swift).

Vanquished Creatures
  2 gnolls (D:3)
  2 adders (D:2)
  A worm (D:2)
  2 dart slugs (D:2)
  4 endoplasms
  2 giant cockroaches
  9 goblins
  5 hobgoblins
  4 kobolds
  2 quokkas (D:2)
  2 ball pythons
  4 bats
  4 frilled lizards
  5 rats
48 creatures vanquished.

Notes
Turn   | Place    | Note
-------+----------+-------------------------------------------
     0 | D:1      | qw the Gargoyle Fighter began the quest for the Orb.
     0 | D:1      | Reached XP level 1. HP: 14/14 MP: 1/1
     0 | D:1      | 0 ||| qw: Version: 0.1-a-119-g272c26d
     0 | D:1      | 0 ||| qw: Game counter: 10724
     0 | D:1      | 0 ||| qw: Always use a shield: true
     0 | D:1      | 0 ||| qw: God list: Okawaru
     0 | D:1      | 0 ||| qw: Allow faded altars: false
     0 | D:1      | 0 ||| qw: Do Orc after D:15 true
     0 | D:1      | 0 ||| qw: Do second Lair branch before Depths: true
     0 | D:1      | 0 ||| qw: Lair rune preference: random
     0 | D:1      | 0 ||| qw: Plans: Normal, Zot, God:TSO, Crypt, Tomb, Pan,
                  | Slime, Hells, Zig, Abyss, Orb
     0 | D:1      | 0 ||| PLANNING D:1-11
    82 | D:1      | Reached skill level 2 in Axes
   374 | D:1      | Reached XP level 2. HP: 13/19 MP: 2/2
   805 | D:1      | 805 ||| Stepping ~*~*~tactically~*~*~ (stealth).
   806 | D:1      | 806 ||| Stepping ~*~*~tactically~*~*~ (stealth).
   809 | D:1      | 809 ||| Stepping ~*~*~tactically~*~*~ (stealth).
   811 | D:1      | 811 ||| Stepping ~*~*~tactically~*~*~ (stealth).
   904 | D:1      | 904 ||| DROPPING +0 club.
   944 | D:1      | Noticed a shining eye
   945 | D:1      | Found a faded altar of an unknown god.
   949 | D:1      | Noticed a great orb of eyes
   957 | D:1      | Noticed a golden eye
   960 | D:1      | Noticed a shining eye
  1278 | D:1      | 1278 ||| READING 3 scrolls labelled UDIUTHOVVIO.
  1279 | D:1      | 1279 ||| READING scroll labelled TEEXTI CEHI.
  1280 | D:1      | 1280 ||| READING scroll labelled RUOSEN GADDE.
  1283 | D:1      | 1283 ||| DRINKING 2 red potions.
  1284 | D:1      | 1284 ||| DRINKING 2 viscous orange potions.
  1285 | D:1      | 1285 ||| READING 2 scrolls of identify.
  1285 | D:1      | 1285 ||| IDENTIFYING metallic purple potion
  1286 | D:1      | 1286 ||| DROPPING potion of degeneration.
  1300 | D:2      | 1300 ||| STAIRDANCE
  1304 | D:1      | Reached skill level 3 in Axes
  1370 | D:2      | Reached XP level 3. HP: 21/23 MP: 3/3
  1454 | D:2      | 1454 ||| Stepping ~*~*~tactically~*~*~ (hiding).
  1778 | D:2      | Reached XP level 4. HP: 28/28 MP: 4/4
  1983 | D:2      | 1983 ||| READING scroll labelled ONWUCY BENO.
  1984 | D:2      | 1984 ||| READING 2 scrolls labelled APEBUC UC SYQAAC.
  1985 | D:2      | 1985 ||| DRINKING 2 sedimented green potions.
  1986 | D:2      | 1986 ||| DRINKING 2 white potions.
  1987 | D:2      | 1987 ||| READING 3 scrolls of identify.
  1987 | D:2      | 1987 ||| IDENTIFYING orange potion
  1988 | D:2      | 1988 ||| READING 2 scrolls of identify.
  1988 | D:2      | 1988 ||| IDENTIFYING bubbling orange potion
  1989 | D:2      | 1989 ||| DROPPING scroll of immolation.
  1990 | D:2      | 1990 ||| DROPPING potion of ambrosia.
  2015 | D:3      | Reached skill level 4 in Axes
  2029 | D:3      | 2029 ||| Stepping ~*~*~tactically~*~*~ (hiding).
  2030 | D:3      | 2030 ||| Stepping ~*~*~tactically~*~*~ (hiding).
  2033 | D:3      | 2033 ||| Stepping ~*~*~tactically~*~*~ (hiding).
  2045 | D:3      | HP: 5/28 [gnoll/+0 halberd[a gnoll bouda] (3)]
  2046 | D:3      | 2046 ||| READING scroll of teleportation.
  2056 | D:3      | Mangled by a gnoll

Levels and vault maps discovered:
D:1:      ncdulo_wetmaze, layout_basic, hellmonk_ecumenical_altar_watching_god,
          minmay_crystal_water, chequers_serial_rivers_micro_c,
          chequers_decorated_corner
D:2:      layout_rooms, hangedman_abyss_or_decor_stabs
D:3:      layout_loops_ring, yredelemnul_forgotten_temple_becter,
          nicolae_overflow_hidden_temple

Skill      XL: |  1  2  3  4 |
---------------+-------------+-----
Axes           | 2 3 4 |  4.1
Fighting       | |  3.2
Armour         | |  3.2
Shields        | |  3.2

Action                   |  1- 3 |  4- 6 || total
-------------------------+-------+-------++-------
Melee: War axe           |   119 |    31 ||   150
  Use: Scroll            |     4 |     5 ||     9
       Potion            |     2 |     2 ||     4
Armor: Scale mail        |    62 |    18 ||    80
Dodge: Dodged            |    64 |    21 ||    85
Block: Buckler           |    14 |     9 ||    23

Table legend:
 A = Non-vault XP
 B = Vault XP
 C = Vault XP percentage of total XP
 D = Non-vault monster count
 E = Vault monster count
 F = Vault count percentage of total count
                 A         B        C        D         E       F
            +---------+---------+-------+---------+---------+-------
      Total |     133 |       0 |   0.0 |      48 |       0 |   0.0
            +---------+---------+-------+---------+---------+-------
        D:1 |      31 |       0 |   0.0 |      20 |       0 |   0.0
        D:2 |      67 |       0 |   0.0 |      21 |       0 |   0.0
        D:3 |      35 |       0 |   0.0 |       7 |       0 |   0.0
            +---------+---------+-------+---------+---------+-------
